AoeStats
← 陟遐自迩

Socotra

506371825Analyzed
4v4 RM · 20d ago on Sep 13, 2026· 37m 53s· 8 players
Game mode
Random Map
Map size
148×148
Population
200
Speed
Normal
Resources
Standard
Victory
Conquest
Starting age
Dark Age
Ending age
Imperial Age
RankedLock teamsTeams togetherTeam positionsShared explorationLock speedFull tech treeHidden civsTurbo modeCheats
Victory
Defeat
🇨🇱 Mongols · Chile
1103
+14
🇮🇳 Tatars · India
1095
+15
🇫🇷 Franks · France
1062
+16
🇨🇦 Armenians · Canada
1005
+19
🇩🇪 Khitans · Germany
1112
-18
🇭🇰 Saracens · Hong Kong SAR China
1066
-16
🇨🇳 Ethiopians · China
1046
-15
🇯🇵 Romans · Japan
1043
-15
LWwcnm
10:35 Feudal Age
10:56 Horse Collar
10:39 Man-at-Arms
12:29 Scale Mail Armor
16:54 Stone Mining
17:26 Loom
20:04 Castle Age
18:38 Stone Mining
19:33 Double-Bit Axe
19:43 Gold Mining
24:04 Pikeman
25:48 Wheelbarrow
27:50 Bow Saw
27:53 Ballistas
29:37 Bow Saw
29:58 Ballistics
30:48 Gold Shaft Mining
31:34 Hand Cart
31:05 Town Watch
32:21 Heavy Plow
33:53 Murder Holes
38:14 Imperial Age
拳打南山敬老院
10:38 Feudal Age
10:40 Man-at-Arms
20:08 Castle Age
18:50 Double-Bit Axe
18:47 Horse Collar
19:01 Stone Mining
20:20 Gold Mining
24:21 Forging
25:55 Scale Barding Armor
27:01 Loom
28:50 Iron Casting
28:17 Fletching
33:03 Imperial Age
31:23 Wheelbarrow
31:14 Treadmill Crane
32:06 Chain Barding Armor
32:14 Bloodlines
34:27 Hand Cart
啊超
3:12 Loom
12:55 Feudal Age
25:57 Castle Age
26:26 Crossbowman
27:40 Thumb Ring
陟遐自迩
0:42 Loom
13:04 Feudal Age
14:04 Domestication
14:09 Double-Bit Axe
18:04 Wheelbarrow
19:26 Forging
19:49 Scale Barding Armor
26:42 Castle Age
24:49 Stone Mining
Baba-Bled54
0:41 Loom
10:49 Feudal Age
11:56 Double-Bit Axe
13:47 Wheelbarrow
17:11 Castle Age
31:08 Imperial Age
28:37 Gold Mining
29:35 Hand Cart
30:11 Forging
29:52 Fletching
30:04 Scale Mail Armor
30:58 Squires
31:10 Town Watch
32:17 Conscription
32:53 #83
33:37 Arson
34:41 Iron Casting
34:21 Chain Mail Armor
34:06 Pikeman
35:57 Elite Throwing Axeman
mikrethor
2:35 Loom
10:34 Feudal Age
12:21 Man-at-Arms
14:26 Long Swordsman
15:17 Arson
16:17 Padded Archer Armor
16:59 Scale Mail Armor
19:02 Forging
19:42 Horse Collar
21:44 Wheelbarrow
22:26 Pikeman
23:41 Double-Bit Axe
30:07 Castle Age
28:04 Fletching
30:12 Two-Handed Swordsman
30:37 Gambesons
31:33 Squires
31:41 Bodkin Arrow
32:23 Iron Casting
32:48 Chain Mail Armor
34:19 Leather Archer Armor
37:44 Halberdier
findingmontoo7
6:51 Loom
9:39 Feudal Age
11:03 Double-Bit Axe
11:29 Horse Collar
17:18 Wheelbarrow
21:48 Castle Age
20:02 Fletching
21:10 Bloodlines
21:35 Gold Mining
22:26 Bodkin Arrow
21:56 Light Cavalry
23:49 Gold Shaft Mining
23:30 Bow Saw
25:56 Town Watch
27:02 Husbandry
29:18 Padded Archer Armor
30:10 Hand Cart
31:50 Leather Archer Armor
34:10 Imperial Age
32:04 Ballistics
32:06 Stone Mining
34:55 Bracer
35:59 Chemistry
34:22 Heavy Cavalry Archer
35:33 Capped Ram
38:41 Ring Archer Armor
Don Wea
9:53 Feudal Age
8:37 Loom
11:00 Loom
15:52 Castle Age
15:30 Double-Bit Axe
19:00 Fletching
22:47 Bow Saw
22:22 Horse Collar
22:34 Gold Mining
24:08 Bodkin Arrow
24:45 Padded Archer Armor
25:28 Stone Mining
26:20 Gold Shaft Mining
26:47 Heavy Plow
27:12 Ballistics
28:30 Stone Shaft Mining
29:00 Leather Archer Armor
32:11 Imperial Age
30:16 Wheelbarrow
31:24 Wheelbarrow
32:37 Hand Cart
32:55 Thumb Ring
32:55 Husbandry
33:05 Bloodlines
32:16 Elite Mangudai
33:17 Conscription
33:04 Bracer
34:22 Chemistry
35:57 Conscription
36:50 Herbal Medicine
38:32 Parthian Tactics
Connection lost

Rejoining the realm…

Still unreachable

The connection could not be restored.

Session expired

The server has moved on; the page needs a fresh start.